 Dungeon Sprint DCSS version 0.26-a0-660-gc07710193c (webtiles) character file.

Game seed: 10010335936479871441

7971 mhtbhm the Sorcerer (level 11, 54/54 HPs)
             Began as a Deep Elf Earth Elementalist on Oct 8, 2020.
             Was an Initiate of Vehumet.
             Quit the game in the Dungeon (Sprint III: "The Ten Rune Challenge").
             The game lasted 00:06:17 (2353 turns).

mhtbhm the Sorcerer (Deep Elf Earth Elementalist)   Turns: 2353, Time: 00:06:17

Health: 54/54      AC:  3    Str:  5    XL:     11   Next: 3%
Magic:  38/38      EV: 17    Int: 24    God:    Vehumet [......]
Gold:   1221       SH:  0    Dex: 15    Spells: 38/53 levels left

rFire    + . .     SeeInvis +   a - +4 quarterstaff (chaos)
rCold    . . .     Faith    .   (shield currently unavailable)
rNeg     . . .     Spirit   .   c - +0 robe
rPois    .         Reflect  .   (no helmet)
rElec    .         Harm     .   j - +0 cloak
rCorr    .         Rampage  .   (no gloves)
MR       +....     NoTele   +   (no boots)
Stlth    ++........             (no amulet)
HPRegen  0.18/turn              (no ring)
MPRegen  0.26/turn              (no ring)

@: no status effects
A: see invisible, fire resistance 1
a: Renounce Religion


You were in the Dungeon.
You worshipped Vehumet.
Vehumet was noncommittal.
You visited 1 branch You collected 1221 gold pieces.

Inventory:

Hand Weapons
 a - a +4 quarterstaff of chaos (weapon)
Missiles
 b - 4 stones (quivered)
Armour
 c - a +0 robe (worn)
 j - a +0 cloak (worn)
Scrolls
 i - a scroll of blinking
 k - a scroll of torment {unknown}
 l - 3 scrolls of identify
 m - a scroll of enchant armour {unknown}
 o - a scroll of immolation {unknown}
 p - a scroll of remove curse {unknown}
Potions
 f - 2 potions of haste
 g - a potion of magic
 h - 2 potions of berserk rage
 n - 2 potions of flight
 q - 4 potions of mutation
 r - a potion of might
Miscellaneous
 s - a phial of floods


   Skills:
 + Level 3.4 Staves
 + Level 7.3 Dodging
 - Level 2.7 Stealth
 + Level 21.7 Spellcasting
 + Level 3.5 Conjurations
 + Level 2.6 Transmutations
 + Level 18.3 Earth Magic


You had 38 spell levels left.
You knew the following spells:

 Your Spells              Type           Power        Failure   Level
a - Sandblast             Erth           ######       0%          1
b - Passwall              Tmut/Erth      ######..     1%          2
c - Stone Arrow           Conj/Erth      ######       1%          3
d - Lee's Rapid Deconstr  Erth           #######...   1%          5
e - Petrify               Tmut/Erth      ######..     1%          4

Your spell library contained the following spells:

 Spells                   Type           Power        Failure   Level
 Animate Skeleton         Necr           ####..       1%          1
 Apportation              Tloc           ####..       1%          1
 Corona                   Hex            ####...      1%          1
 Summon Small Mammal      Summ           ####         1%          1


Dungeon Overview and Level Annotations

Branches:
Dungeon (1/1)

Altars:
Cheibriados
Dithmenos
Elyvilon
Fedhas
Gozag
Hepliaklqana
Kikubaaqudgha
Makhleb
Nemelex Xobeh
Okawaru
Qazlal
Ru
Sif Muna
Trog
Uskayaw
Vehumet
Wu Jian
Xom
Yredelemnul
Zin
The Shining One
Beogh
Jiyva
Lugonu

Shops:
D =


Innate Abilities, Weirdness & Mutations

You have supernaturally acute eyesight. (SInv)
Your flesh is heat resistant. (rF+)


Message History

You enter the shallow water.
Moving in this stuff is going to be slow.
There is an open door to the Orcish Mines here.
There is an open door here.
There is an open door here.
There is a fountain of clear blue water here.
There is an open door to the Ecumenical Temple here.
There is an open door here.
There is a radiant altar of Vehumet here.
You kneel at the altar of Vehumet.
Vehumet welcomes you!
There is an open door here.
There is an open door here.
There is an open door here.
There is an open door to the Orcish Mines here.
Items here: ))) [ ÷÷.
Items here: ))) [[.
Items here: )))) [[[ ÷÷.
Items here: ))) [.
Are you sure you want to abandon this character and quit the game? (Confirm with "yes".)

▓▓▓▓▓▓▓▓▓▓▓
#########.#.#..#..#######
#___#__#..∩###....'.#...#
#__)#._#..))).....#.#...##≈
#'###'##........###)#)..≈≈≈
.......#.)).....@##)#)..##≈
.......#)#)#.#.####.)...#
######'#)##.#### #######
#__#...#'########################
#__#...#.§§§§'.#.'...'.#.#.#.'††.
#__#...#.#§§§#.#.#)..##)#.#.##...
#__#...'.#§.§#§#.#)..#.#.#.#.#...
#__'...#.#§§.#...#...##.#.#.##...
▓▓▓▓▓▓▓▓▓▓▓▓▓▓▓▓▓▓▓▓▓#.#.#.#.#...


There were no monsters in sight!

Vanquished Creatures
  A centaur warrior (D)
  Erica (D)
  2 deep elf knights (D)
  An unseen horror (D)
  4 deep elf magi (D)
  A queen bee (D)
  3 wandering mushrooms (D)
  A shadow (D)
  A spatial vortex (D)
  A necrophage (D)
  2 centaurs (D)
  An earth elemental (D)
  A water elemental (D)
  32 killer bees (D)
  A jelly (D)
  4 orc priests (D)
  Crazy Yiuf (D)
  4 orc wizards (D)
  A wizard (D)
  A necromancer (D)
  A kobold demonologist (D)
  3 humans (D)
  10 orcs (D)
  4 rats (D)
82 creatures vanquished.

Vanquished Creatures (others)
  2 plants (D)
2 creatures vanquished.

Grand Total: 84 creatures vanquished

Notes
Turn   | Place    | Note
-------+----------+-------------------------------------------
     0 | D        | mhtbhm the Deep Elf Earth Elementalist began the quest for
                  | the Orb.
     0 | D        | Reached XP level 1. HP: 10/10 MP: 6/6
   175 | D        | Reached skill level 4 in Spellcasting
   175 | D        | Reached skill level 5 in Earth Magic
   175 | D        | Reached XP level 2. HP: 15/15 MP: 1/9
   246 | D        | Learned a level 2 spell: Passwall
   259 | D        | Noticed Crazy Yiuf
   265 | D        | Killed Crazy Yiuf
   265 | D        | Reached skill level 5 in Spellcasting
   265 | D        | Reached XP level 3. HP: 19/19 MP: 8/12
   295 | D        | Gained mutation: Your magical capacity is low. (-10% MP)
                  | [potion of mutation]
   295 | D        | Gained mutation: Your flesh is heat resistant. (rF+)
                  | [potion of mutation]
   295 | D        | Lost mutation: Your magical capacity is low. (-10% MP)
                  | [potion of mutation]
   295 | D        | Gained mutation: You have supernaturally acute eyesight.
                  | (SInv) [potion of mutation]
   320 | D        | Learned a level 3 spell: Stone Arrow
   322 | D        | Noticed a water elemental
   329 | D        | Killed a water elemental
   329 | D        | Reached skill level 7 in Spellcasting
   329 | D        | Reached XP level 4. HP: 10/24 MP: 4/15
   538 | D        | Found a radiant altar of Vehumet.
   538 | D        | Found a shimmering blue altar of Sif Muna.
   538 | D        | Found an ancient bone altar of Kikubaaqudgha.
   538 | D        | Noticed a wizard
   540 | D        | Killed a wizard
   541 | D        | Reached XP level 5. HP: 28/28 MP: 13/17
   555 | D        | Learned a level 5 spell: Lee's Rapid Deconstruction
   560 | D        | Learned a level 4 spell: Petrify
   569 | D        | Found a hide-covered altar of Uskayaw.
   569 | D        | Found a roughly hewn altar of Beogh.
   569 | D        | Found an iron altar of Okawaru.
   569 | D        | Found a bloodstained altar of Trog.
   569 | D        | Found an ornate altar of the Wu Jian Council.
   569 | D        | Noticed a human
   569 | D        | Noticed a human
   571 | D        | Killed a human
   571 | D        | Reached skill level 5 in Dodging
   571 | D        | Reached skill level 10 in Spellcasting
   571 | D        | Reached skill level 10 in Earth Magic
   571 | D        | Reached XP level 6. HP: 32/32 MP: 7/21
   572 | D        | Killed a human
   572 | D        | Reached skill level 11 in Spellcasting
   684 | D        | Found a glowing silver altar of Zin.
   684 | D        | Found a glowing golden altar of the Shining One.
   684 | D        | Found a white marble altar of Elyvilon.
   684 | D        | Noticed a deep elf mage
   686 | D        | Killed a deep elf mage
   686 | D        | Reached skill level 13 in Spellcasting
   686 | D        | Reached XP level 7. HP: 36/36 MP: 13/26
   752 | D        | Found a basalt altar of Yredelemnul.
   752 | D        | Found a shadowy altar of Dithmenos.
   752 | D        | Found a sacrificial altar of Ru.
   829 | D        | Reached skill level 14 in Spellcasting
   829 | D        | Noticed a shadow
   831 | D        | Killed a shadow
   831 | D        | Reached XP level 8. HP: 41/41 MP: 17/28
   884 | D        | Found a blossoming altar of Fedhas.
   884 | D        | Found a stormy altar of Qazlal.
   884 | D        | Found a snail-covered altar of Cheibriados.
   884 | D        | Found a burning altar of Makhleb.
   884 | D        | Found a shimmering altar of Xom.
   885 | D        | Found a hazy altar of Hepliaklqana.
   885 | D        | Found an opulent altar of Gozag.
   885 | D        | Found a sparkling altar of Nemelex Xobeh.
   885 | D        | Found a corrupted altar of Lugonu.
   885 | D        | Found a viscous altar of Jiyva.
   943 | D        | Noticed Erica
   953 | D        | Killed Erica
   953 | D        | Reached skill level 16 in Spellcasting
  1283 | D        | Reached skill level 1 in Conjurations
  1400 | D        | Reached XP level 9. HP: 45/45 MP: 20/31
  1409 | D        | Noticed a centaur warrior
  1414 | D        | Killed a centaur warrior
  1414 | D        | Reached skill level 18 in Spellcasting
  1414 | D        | Reached skill level 15 in Earth Magic
  1419 | D        | Noticed an unseen horror
  1422 | D        | Killed an unseen horror
  1539 | D        | Noticed a wandering mushroom
  1543 | D        | Noticed a wandering mushroom
  1548 | D        | Killed a wandering mushroom
  1597 | D        | Noticed a wandering mushroom
  1603 | D        | Killed a wandering mushroom
  1603 | D        | Reached skill level 19 in Spellcasting
  1608 | D        | Killed a wandering mushroom
  1608 | D        | Reached XP level 10. HP: 50/50 MP: 16/35
  1687 | D        | Reached skill level 20 in Spellcasting
  1987 | D        | Found Beodal's Jewellery Emporium.
  2005 | D        | Reached skill level 1 in Staves
  2135 | D        | Noticed a deep elf mage
  2135 | D        | Noticed a deep elf mage
  2135 | D        | Noticed a deep elf knight
  2135 | D        | Noticed a deep elf mage
  2135 | D        | Noticed a deep elf knight
  2144 | D        | Killed a deep elf knight
  2144 | D        | Reached skill level 21 in Spellcasting
  2144 | D        | Killed a deep elf knight
  2149 | D        | Killed a deep elf mage
  2149 | D        | Killed a deep elf mage
  2167 | D        | Killed a deep elf mage
  2167 | D        | Reached XP level 11. HP: 54/54 MP: 12/38
  2314 | D        | Became a worshipper of Vehumet
  2353 | D        | Quit the game

Illustrated notes

Levels and vault maps discovered:
D:        dungeon_sprint_mu [sprint_mu_entry_forest, sprint_mu_temple_rooms,
          sprint_mu_d1_horrors, sprint_mu_d2_genie, sprint_mu_d3_branching,
          sprint_mu_orc_legion, sprint_mu_elf_gauntlet, sprint_mu_hive_nellie,
          sprint_mu_lair_fedhas, sprint_mu_vaults_butterflies,
          sprint_mu_slime_circle, sprint_mu_swamp_cave, sprint_mu_shoals_archi,
          sprint_mu_blade_basic, sprint_mu_crypt_lich, sprint_mu_tomb_spiral,
          sprint_mu_vestibule_basic, sprint_mu_gehenna_hellfire,
          sprint_mu_dis_giant, sprint_mu_tartarus_statrot,
          sprint_mu_cocytus_islands, sprint_mu_zot1]

Skill      XL: |  1  2  3  4  5  6  7  8  9 10 |
---------------+-------------------------------+-----
Earth Magic    | 5 6 8 9 10 13 14 16 18 | 18.3
Dodging        | 3 4 5 6 7 |  7.3
Spellcasting   | 4 5 7 10 13 14 16 19 21 | 21.7
Transmutations | 2 |  2.6
Conjurations   | 1 2 3 |  3.5
Staves         | 3 |  3.4
Stealth        | |  2.7

Action                   |  1- 3 |  4- 6 |  7- 9 | 10-12 || total
-------------------------+-------+-------+-------+-------++-------
Melee: Unarmed           |    12 |       |       |       ||    12
       Quarterstaff      |       |       |       |    12 ||    12
 Cast: Sandblast         |    15 |     4 |     4 |     3 ||    26
       Stone Arrow       |     1 |       |    10 |     3 ||    14
       Lee's Rapid Decon |       |     4 |    17 |    24 ||    45
  Use: Potion            |     1 |       |       |     4 ||     5
Armor: Robe              |     6 |       |       |     3 ||     9
Dodge: Dodged            |     9 |       |     3 |    40 ||    52

Table legend: (Time is in decaauts)
 A = Elapsed time spent in this place.
 B = Non-inter-level travel time spent in this place.
 C = Inter-level travel time spent in this place.
 D = Time resting spent in this place.
 E = Time spent auto-exploring this place.
 F = Levels seen in this place.
 G = Mean time per level.
                   A        B        C        D        E       F      G
               +--------+--------+--------+--------+--------+-----+--------+
         Total |   2368 |   2368 |      0 |   1699 |      0 |   1 | 2368.0 |
       Dungeon |   2368 |   2368 |      0 |   1699 |      0 |   1 | 2368.0 |
               +--------+--------+--------+--------+--------+-----+--------+

Top non-repeatable levels by time:
       D: 2368 daAuts
